AoeStats
← Ludmintvg

Enclosed

504879518Analyzed
1v1 RM · 27d ago on Sep 6, 2026· 45m 54s· 2 players
Game mode
Random Map
Map size
Tiny (2 player)
Population
200
Speed
Normal
Resources
Standard
Victory
Conquest
Starting age
Dark Age
Ending age
Imperial Age
RankedLock teamsTeams togetherTeam positionsShared explorationLock speedFull tech treeHidden civsTurbo modeCheats
Victory
Defeat
🇦🇷 Italians · Argentina
865
+17
🇨🇱 Berbers · Chile
891
-17
Ludmintvg
10:24 Feudal Age
11:28 Double-Bit Axe
11:30 Loom
16:05 Castle Age
16:26 Gold Mining
16:26 Stone Mining
16:23 Pikeman
23:13 Horse Collar
24:26 Scale Barding Armor
25:16 Heavy Plow
26:51 Wheelbarrow
28:04 Bow Saw
29:00 Hand Cart
29:50 Bloodlines
29:41 Husbandry
34:33 Imperial Age
33:23 Town Watch
34:10 Elite Skirmisher
35:44 Conscription
36:57 Fletching
37:07 Padded Archer Armor
37:48 Cavalier
38:45 Bodkin Arrow
39:05 Leather Archer Armor
39:00 Forging
38:50 Scale Mail Armor
39:10 Chain Barding Armor
40:10 Thumb Ring
42:39 Hoardings
44:29 Elite Genoese Crossbowman
44:31 Crossbowman
45:19 Bracer
45:49 Ring Archer Armor
the_bgrad
8:24 Loom
12:13 Feudal Age
16:35 Bloodlines
19:49 Castle Age
20:05 Double-Bit Axe
21:20 Stone Mining
25:15 Horse Collar
26:09 Bow Saw
27:03 Husbandry
32:11 Heavy Plow
37:37 Imperial Age
35:45 Wheelbarrow
39:44 Chemistry
39:05 Ballistics
39:59 Forging
39:55 Scale Barding Armor
41:24 Murder Holes
40:55 Heavy Camel Rider
41:07 Elite Genitour
43:40 Chain Barding Armor
43:11 Fletching
43:56 Iron Casting
Connection lost

Rejoining the realm…

Still unreachable

The connection could not be restored.

Session expired

The server has moved on; the page needs a fresh start.